 Dungeon Crawl Stone Soup version 0.24-a0-230-g536ed4e33c (webtiles) character file.

Game seed: 6677128225520625639

2 Redear the Sneak (level 1, -3/21 HPs)
             Began as a Naga Monk on Apr 3, 2019.
             Slain by a gnoll
             ... wielding a cursed -2 whip
              (10 damage)
             ... on level 1 of the Dungeon.
             The game lasted 00:00:32 (179 turns).

Redear the Sneak (Naga Monk)                         Turns: 179, Time: 00:00:33

Health: -3/21      AC:  1    Str: 13    XL:     1   Next: 30%
Magic:  1/1        EV: 10    Int: 10    God:
Gold:   5          SH:  0    Dex: 13    Spells: 0/0 levels left

rFire    . . .     SeeInvis +   a - +0 hand axe
rCold    . . .     Gourm    .   (no shield)
rNeg     . . .     Faith    .   b - +0 robe
rPois    +         Spirit   .   (no helmet)
rElec    .         Reflect  .   (no cloak)
rCorr    .         Harm     .   (no gloves)
MR       .....                  (no barding)
Stlth    ++........             (no amulet)
HPRegen  0.07/turn              (no ring)
MPRegen  0.07/turn              (no ring)

@: very slow
A: large, see invisible, deformed body, poison resistance, slowness 2, slow
metabolism 1, spit poison 1, AC +0
a: Spit Poison


You were on level 1 of the Dungeon.
You were not hungry.

You visited 1 branch of the dungeon, and saw 1 of its levels.

You collected 5 gold pieces.

Inventory:

Hand Weapons
 a - a +0 hand axe (weapon)
Missiles
 f - 9 tomahawks (quivered)
Armour
 b - a +0 robe (worn)
Scrolls
 e - 2 scrolls of identify {unknown}
Potions
 d - a potion of degeneration {unknown}
 g - a potion of curing {unknown}
 h - a potion of brilliance {unknown}
Comestibles
 c - a ration


   Skills:
 + Level 3.0 Fighting
 + Level 3.0 Axes
 - Level 2.4 Dodging
 + Level 3.1 Stealth


You couldn't memorise any spells.
You didn't know any spells.
Your spell library was empty.

Dungeon Overview and Level Annotations

Branches:
Dungeon (1/15)

Altars:


Innate Abilities, Weirdness & Mutations

You cannot wear boots.
Your serpentine skin is tough. (AC +0)
You have supernaturally acute eyesight. (SInv)
Armour fits poorly on your strangely shaped body.
Your system is resistant to poisons. (rPois)
You cover ground very slowly.
You have a slow metabolism.
You can spit poison.


Message History

You are too injured to fight recklessly!
You are too injured to fight recklessly!
You are too injured to fight recklessly!
You are too injured to fight recklessly!
You are too injured to fight recklessly!
You are too injured to fight recklessly!
You are too injured to fight recklessly!
Unknown command.
You are too injured to fight recklessly!
Unknown command.
You completely miss the bat. You hit the gnoll. You closely miss the kobold.
The bat barely misses you. The bat closely misses you.
The gnoll hits you but does no damage. The kobold hits you with a +0 dagger.
* * * LOW HITPOINT WARNING * * *
You take 4 damage, and have 7/21 hp.
Unknown command.
You hit the gnoll but do no damage. You miss the bat.
You barely miss the kobold. The bat misses you. The bat closely misses you.
The gnoll hits you with a cursed -2 whip!
You die...

#...### [# #...... # #.#
# #...### .
#.##.######...... ##.
..##..........### ##..#
.....######...#
.#?.8$##..# # ##.##
..8.(bK#.##.# ###.#
#..?r8g@b##.# #...####
##$8gl#.(#.#(####.......
##..##...###.......###.
... #.....#.......##
.......####.########
##...## ### ###


You could see a gnoll, a goblin, 2 bats, a kobold, a frilled lizard and a rat.

Levels and vault maps discovered:
D:1:      psy_arrival_terrarium, layout_loops_ring, chequers_avenue,
          minmay_pentomino_w4

Notes
Turn   | Place    | Note
-------+----------+-------------------------------------------
     0 | D:1      | Redear the Naga Monk began the quest for the Orb.
     0 | D:1      | Reached XP level 1. HP: 21/21 MP: 1/1
   167 | D:1      | Identified a cursed -2 whip
   168 | D:1      | Identified a +0 dagger
   179 | D:1      | Slain by a gnoll

Table legend:
 A = Turns spent in this place as a percentage of turns spent in the entire game.
 B = Non-inter-level travel turns spent in this place as a percentage of non-inter-level travel turns spent in the entire game.
 C = Inter-level travel turns spent in this place as a percentage of turns spent in this place.
 D = Turns resting spent in this place as a percentage of non-inter-level travel turns spent in this place.
 E = Turns spent auto-exploring this place as a percentage of non-inter-level travel turns spent in this place.
 F = Non-inter-level travel turns spent in this place divided by the number of levels of this place that you've seen.
                   A       B       C       D       E      F
               +-------+-------+-------+-------+-------+----------------------
         Total | 100.0 | 100.0 |   0.0 |   0.0 |  83.2 | 179.0
       Dungeon | 100.0 | 100.0 |   0.0 |   0.0 |  83.2 | 179.0
               +-------+-------+-------+-------+-------+----------------------

Table legend:
 A = Kills in this place as a percentage of kills in entire the game.
 B = Kills by you in this place as a percentage of kills by you in the entire game.
 C = Kills by friends in this place as a percentage of kills by friends in the entire game.
 D = Other kills in this place as a percentage of other kills in the entire game.
 E = Experience gained in this place as a percentage of experience gained in the entire game.
 F = Experience gained in this place divided by the number of levels of this place that you have seen.
                   A       B       C       D       E      F
               +-------+-------+-------+-------+-------+----------------------
         Total | 100.0 | 100.0 |   N/A |   N/A | 100.0 |   3.0
       Dungeon | 100.0 | 100.0 |   N/A |   N/A | 100.0 |   3.0
               +-------+-------+-------+-------+-------+----------------------

Action                   || total
-------------------------++-------
Melee: Hand axe          ||    13
Armor: Robe              ||     8
Dodge: Dodged            ||    14

Vanquished Creatures
  A bat (D:1)
  A frilled lizard (D:1)
  A rat (D:1)
3 creatures vanquished.
